 Dungeon Crawl Stone Soup version 0.22-a0-283-g1871b15 (webtiles) character file.

69362 matakusis the Eclecticist (level 14, -6/68 HPs)
             Began as a Deep Elf Summoner on Mar 17, 2018.
             Was a High Priest of Sif Muna.
             Shot with a bolt by a naga sharpshooter (34 damage)
             ... on level 1 of the Snake Pit on Mar 18, 2018.
             The game lasted 03:00:40 (27626 turns).

matakusis the Eclecticist (Deep Elf Summoner)      Turns: 27626, Time: 03:00:41

Health: -6/68      AC: 13    Str:  5    XL:     14   Next: 41%
Magic:  17/56      EV: 27    Int: 24    God:    Sif Muna [*****.]
Gold:   1900       SH:  0    Dex: 12    Spells: 18/50 levels left

rFire    . . .     SeeInvis .   L - staff of poison
rCold    + + .     Gourm    .   (no shield)
rNeg     . . .     Faith    .   A - +2 robe {rC+ rF+}
rPois    +         Spirit   .   p - +2 helmet
rElec    +         Reflect  .   a - +0 cloak (curse)
rCorr    .         Harm     .   B - +0 pair of gloves {archery}
MR       +....                  j - +1 pair of boots
Stlth    ++........             G - amulet of the acrobat
HPRegen  0.21/turn              S - ring of magical power
MPRegen  0.35/turn              s - ring "Kuruo" {Ice rElec rPois MP+9 Dex-5}

@: no status effects
A: thin metallic scales 1, agile 1, dopey 1, electricity resistance, subdued
magic 1
}: 1/15 runes: decaying
a: Divine Energy, Channel Magic, Forget Spell, Renounce Religion


You were on level 1 of the Snake Pit.
You worshipped Sif Muna.
Sif Muna was extremely pleased with you.
You were not hungry.

You visited 5 branches of the dungeon, and saw 26 of its levels.
You also visited: Sewer.

You collected 1900 gold pieces.

Inventory:

Missiles
 o - 727 stones (quivered)
Armour
 a - a cursed +0 cloak (worn)
 h - +0 swamp dragon scales
 j - a +1 pair of boots (worn)
 p - a +2 helmet (worn)
 A - a +2 robe of resistance (worn)
 B - a +0 pair of gloves of archery (worn)
 E - the +2 robe "Qurywogiu" {MR+}
   (You found it on level 1 of the Snake Pit)

   It affects your resistance to hostile enchantments.
 Q - +0 steam dragon scales
Magical Staves
 v - an uncursed staff of conjuration
 z - an uncursed staff of air
 J - an uncursed staff of death
 L - an uncursed staff of poison (weapon)
Jewellery
 l - an uncursed ring of see invisible
 s - the ring "Kuruo" (right hand) {Ice rElec rPois MP+9 Dex-5}
   (You found it on level 2 of the Lair of Beasts)

   [ring of ice]

   It enhances your ice magic.
   It affects your dexterity (-5).
   It makes you vulnerable to fire.
   It protects you from cold.
   It insulates you from electricity.
   It protects you from poison.
   It affects your magic capacity (+9).
 G - an amulet of the acrobat (around neck)
 S - a ring of magical power (left hand)
 T - an uncursed ring of poison resistance
 W - an uncursed ring of positive energy
Wands
 i - a wand of digging (21)
 r - a wand of disintegration (23)
 x - a wand of acid (4)
 F - a wand of paralysis (8)
 N - a wand of enslavement (29)
 V - a wand of clouds (7)
Scrolls
 e - 5 scrolls of teleportation
 m - 8 scrolls of fear
 q - 2 scrolls of immolation
 t - 8 scrolls of magic mapping
 y - 3 scrolls of identify
 C - 11 scrolls of remove curse
 D - 5 scrolls of enchant armour
 H - 2 scrolls of blinking
 I - 3 scrolls of enchant weapon
 O - a scroll of amnesia
 P - 3 scrolls of fog
 X - 2 scrolls of silence
 Z - a scroll of holy word
Potions
 b - 2 potions of brilliance
 d - a potion of cancellation
 f - 3 potions of might
 g - 8 potions of curing
 k - 8 potions of lignification
 n - 3 potions of heal wounds
 u - 4 potions of agility
 w - 3 potions of haste
 K - 2 potions of flight
 M - a potion of ambrosia
 Y - 2 potions of invisibility
Comestibles
 c - 38 rations


   Skills:
 - Level 0.7 Staves
   Level 1.3 Bows
 - Level 2.4 Dodging
 - Level 2.4 Stealth
 + Level 18.8 Spellcasting
 + Level 1.6 Hexes
 * Level 18.6 Summonings
 + Level 10.2 Ice Magic
 - Level 1.0 Air Magic


You had 18 spell levels left.
You knew the following spells:

 Your Spells              Type           Power        Failure   Level  Hunger
a - Recall                Summ/Tloc      N/A          1%          3    None
b - Call Imp              Summ           ######..     0%          2    None
c - Summon Ice Beast      Ice/Summ       #######.     1%          4    None
d - Summon Lightning Spi  Summ/Air       ######..     1%          4    None
e - Metabolic Englaciati  Hex/Ice        ######....   3%          5    None
f - Monstrous Menagerie   Summ           ######....   1%          7    #####..
g - Summon Greater Demon  Summ           ######....   1%          7    #####..


Dungeon Overview and Level Annotations

Branches:
Dungeon (14/15)            Temple (1/1) D:4            Lair (6/6) D:11
  Swamp (4/4) Lair:2        Snake (1/4) Lair:2        Slime (0/5) Lair:5
    Orc (0/2) D:11
 Vaults: D:13-14

Altars:
Ashenzari
Cheibriados
Dithmenos
Elyvilon
Fedhas
Gozag
Hepliaklqana
Kikubaaqudgha
Makhleb
Nemelex Xobeh
Okawaru
Qazlal
Ru
Sif Muna
Trog
Uskayaw
Vehumet
Wu Jian
Xom
Yredelemnul
Zin
The Shining One
Beogh
Jiyva

Shops:
D:8 ?   D:10 [

Annotations:
D:7 exclusion: orange crystal statue


Innate Abilities, Weirdness & Mutations

You are partially covered in thin metallic scales. (AC +2)
You are agile. (Dex +2)
You are dopey. (Int -2)
You are resistant to electric shocks. (rElec)
Your spells are a little easier to cast, but a little less powerful.


Message History

The salamander closely misses your harpy.
Your lindwurm bites the salamander.
The salamander dies!
Sif Muna accepts your kill.
Unknown command.
The naga sharpshooter spits poison at you.
The splash of poison hits your harpy.
Unknown command.
Your lindwurm barely misses the naga sharpshooter.
Your lindwurm claws the naga sharpshooter but does no damage. x2
Unknown command.
Your lindwurm bites the naga sharpshooter.
Your lindwurm claws the naga sharpshooter but does no damage. x2
Your lindwurm breathes flames at the naga sharpshooter.
The blast of flame hits the naga sharpshooter.
The naga sharpshooter casts a spell.
The naga sharpshooter magically shoots a bolt.
The bolt hits you!!
Ouch! That really hurt!
You die...

#### ......# ........+
#........+ #........+
###.......##+++#
...........#...+
...........'@..#
...........#...##
..........##((8.+
.........###)..H# +++
#+####'####''k## ....
#.###.....+.HkN..
#..##...'.....+...####
#......##.....+...#
#......##.....+...+


You could see a naga sharpshooter, 2 friendly lindwurms, 2 friendly harpies and
a friendly lightning spire.

Vanquished Creatures
  An orc warrior (D:10)
  A worker ant (D:13)
  A leopard gecko (D:6)
  3 orcs
  A ball python (D:5)
  A bat (D:3)
  2 giant cockroaches
  A kobold (D:12)
11 creatures vanquished.

Vanquished Creatures (collateral kills)
  Bai Suzhen (Swamp:3)
  Kirke (Swamp:2)
  A thorn hunter (Swamp:4)
  Snorg (D:11)
  Erolcha (D:10)
  Harold (D:11)
  The ghost of Nr616 the Basher, a journeyman MiBe of Trog (D:9)
  19 hydras
  A naga warrior (Snake:1)
  2 anacondas (Snake:1)
  A merfolk avatar (Lair:6)
  A ghost crab (Swamp:4)
  7 alligators
  6 two-headed ogres
  The ghost of Vesto the Fighter, a novice DsFi of Okawaru (D:8)
  A sea snake (Lair:6)
  2 spriggan druids
  A naga ritualist (Snake:1)
  3 shambling mangroves
  11 swamp dragons
  An orc knight (D:10)
  Pikel (D:8)
  5 oklob plants
  2 harpies (Lair:6)
  2 mana vipers (Snake:1)
  A manticore (Lair:6)
  4 cyclopes
  2 salamanders (Snake:1)
  6 black mambas
  11 elephants
  5 naga magi (Snake:1)
  A gargoyle (D:13)
  A torpor snail (Lair:4)
  A centaur skeleton (D:13)
  A kobold demonologist (D:11)
  20 spiny frogs
  6 rime drakes
  9 komodo dragons
  6 tyrant leeches
  A merfolk (D:13)
  3 trolls
  2 polar bears (Lair:6)
  30 blink frogs
  7 bog bodies
  10 hornets
  8 hippogriffs
  14 slime creatures
  A meliai zombie (D:13)
  Sigmund (D:2)
  A shadow (Swamp:1)
  6 spriggans
  3 wyverns
  A hungry ghost (D:12)
  25 yaks
  6 basilisks
  A steam dragon (Lair:4)
  33 vampire mosquitoes
  10 insubstantial wisps
  18 swamp worms
  9 nagas
  A warg (D:10)
  13 water moccasins
  8 porcupines
  14 swamp drakes
  2 ice beasts
  A phantom (D:6)
  2 necrophages
  A black bear (D:13)
  2 sky beasts
  A slave (D:8)
  13 orc warriors
  An eye of draining (D:4)
  5 ogres
  10 crocodiles
  16 wolves
  7 centaurs
  4 big kobolds
  12 bullfrogs
  9 scorpions
  5 killer bees
  10 wights
  3 electric eels
  4 crimson imps
  A lava snake (D:13)
  4 jellies
  11 orc priests
  2 bullfrog skeletons
  2 bullfrog zombies
  3 centaur zombies
  6 hounds
  5 iguanas
  13 worker ants
  9 orc wizards
  A killer bee zombie (D:7)
  A worker ant zombie (D:11)
  4 gnolls (D:4)
  20 adders
  2 shadow imps
  3 oozes
  An adder zombie (D:5)
  3 worms
  A dart slug (D:1)
  6 leopard geckos
  68 orcs
  4 ball pythons
  A bat zombie (D:4)
  6 giant cockroaches
  10 hobgoblins
  10 jackals
  3 quokkas
  5 bats
  7 frilled lizards
  A giant cockroach zombie (D:5)
  9 goblins
  2 jackal skeletons
  12 kobolds
  A quokka skeleton (D:9)
  10 rats
  2 rat zombies (D:4)
  2 fungi
  2 plants
735 creatures vanquished.

Vanquished Creatures (others)
  2 killer bees (D:10)
  An orc (D:11)
  4 fungi
  30 plants
37 creatures vanquished.

Grand Total: 783 creatures vanquished

Notes
Turn   | Place    | Note
-------+----------+-------------------------------------------
     0 | D:1      | matakusis the Deep Elf Summoner began the quest for the Orb.
     0 | D:1      | Reached XP level 1. HP: 10/10 MP: 6/6
   316 | D:1      | Reached XP level 2. HP: 14/15 MP: 4/8
   320 | D:1      | Learned a level 2 spell: Call Imp
   832 | D:2      | Noticed Sigmund
   856 | D:2      | Reached skill level 5 in Summonings
  1381 | D:2      | Reached XP level 3. HP: 19/19 MP: 2/10
  1667 | D:2      | Gained mutation: You are frail. (-10% HP) [potion of mutation]
  1667 | D:2      | Gained mutation: Armour fits poorly on your strangely shaped body. [potion of mutation]
  1667 | D:2      | Gained mutation: Your magical capacity is low. (-10% MP) [potion of mutation]
  1667 | D:2      | Gained mutation: You are resistant to electric shocks. (rElec) [potion of mutation]
  1775 | D:2      | Killed Sigmund
  1775 | D:2      | Reached skill level 5 in Spellcasting
  1775 | D:2      | Reached XP level 4. HP: 12/21 MP: 2/12
  1903 | D:2      | Found a hazy altar of Hepliaklqana.
  2085 | D:3      | Found a glowing drain.
  2125 | Sewer    | Entered a sewer
  2262 | Sewer    | Reached XP level 5. HP: 25/25 MP: 9/13
  2268 | Sewer    | Learned a level 4 spell: Summon Ice Beast
  2273 | Sewer    | Learned a level 4 spell: Summon Lightning Spire
  3211 | Sewer    | Reached XP level 6. HP: 28/28 MP: 15/15
  4027 | D:4      | Found a staircase to the Ecumenical Temple.
  4044 | Temple   | Entered the Ecumenical Temple
  4050 | Temple   | Became a worshipper of Sif Muna the Loreminder
  4463 | D:4      | Found an ancient bone altar of Kikubaaqudgha.
  4646 | D:4      | Reached XP level 7. HP: 32/32 MP: 15/18
  4680 | D:4      | Found a bloodstained altar of Trog.
  4692 | D:4      | Reached skill level 1 in Air Magic
  4947 | D:5      | Entered Level 5 of the Dungeon
  5015 | D:5      | Found a basalt altar of Yredelemnul.
  5174 | D:5      | Reached skill level 1 in Ice Magic
  5361 | D:5      | Reached * piety under Sif Muna
  5941 | D:6      | Found a blossoming altar of Fedhas.
  6029 | D:6      | Got a pitted dagger
  6036 | D:6      | Identified the cursed +2 dagger of Nyrek {freeze, *Corrode rPois Str+8} (You found it on level 6 of the Dungeon)
  6078 | D:6      | Found a shattered altar of Ashenzari.
  6535 | D:7      | Reached XP level 8. HP: 36/36 MP: 16/20
  6594 | D:7      | Reached ** piety under Sif Muna
  6980 | D:7      | Found a burning altar of Makhleb.
  7079 | D:7      | Found a runed door.
  7190 | D:7      | Found a runed door.
  7193 | D:7      | Noticed an orange crystal statue
  7194 | D:7      | Found the +10 large shield of Ignorance {rN+ Int-4}
  7563 | D:7      | Noticed a hippogriff
  7976 | D:8      | Noticed Vesto's ghost (novice DsFi)
  8156 | D:8      | Reached skill level 10 in Spellcasting
  8191 | D:8      | Found an opulent altar of Gozag.
  8302 | D:8      | Found Pag Hut's Magic Scroll Shop.
  8600 | D:8      | Noticed Pikel
  8612 | D:8      | Killed Pikel
  8802 | D:8      | Reached *** piety under Sif Muna
  9028 | D:8      | Killed Vesto's ghost
  9028 | D:8      | Reached skill level 5 in Ice Magic
  9028 | D:8      | Reached XP level 9. HP: 40/40 MP: 1/23
  9101 | D:9      | Noticed Erolcha
  9451 | D:9      | Noticed Nr616's ghost (journeyman MiBe)
  9639 | D:9      | You fall through a shaft for 3 floors!
  9639 | D:12     | Noticed a cyclops
  9639 | D:12     | Noticed a two-headed ogre
  9665 | D:12     | Killed a two-headed ogre
  9726 | D:12     | Killed a cyclops
  9954 | D:12     | Reached **** piety under Sif Muna
 10044 | D:12     | Noticed a two-headed ogre
 10208 | D:12     | Reached skill level 10 in Summonings
 10209 | D:12     | Killed a two-headed ogre
 10343 | D:12     | Noticed a two-headed ogre
 10355 | D:12     | Found a deep blue altar of Sif Muna.
 10391 | D:12     | HP: 2/40 [slime creature (17)]
 10394 | D:12     | Noticed a troll
 10394 | D:12     | Reached XP level 10. HP: 3/45 MP: 5/25
 10770 | D:10     | Entered Level 10 of the Dungeon
 10774 | D:10     | Noticed a two-headed ogre
 10790 | D:10     | Killed a two-headed ogre
 11050 | D:10     | Reached ***** piety under Sif Muna
 11050 | D:10     | Identified Sif Muna's Collected Works on Unstable Flight (Sif Muna gifted it to you on level 10 of the Dungeon)
 11050 | D:10     | Received a gift from Sif Muna
 11051 | D:10     | Noticed an orc knight
 11218 | D:9      | Killed Nr616's ghost
 12022 | D:10     | Killed Erolcha
 12186 | D:10     | Killed an orc knight
 12512 | D:10     | Found Daucsacs's Armour Shoppe.
 12668 | D:11     | Noticed Snorg
 12677 | D:11     | Killed Snorg
 12812 | D:11     | Noticed a two-headed ogre
 12822 | D:11     | Reached skill level 1 in Bows
 13080 | D:11     | Noticed Harold
 13282 | D:11     | Found a staircase to the Lair.
 13347 | D:11     | Noticed a cyclops
 13372 | D:11     | Killed a cyclops
 13461 | D:11     | Noticed a cyclops
 13469 | D:11     | Killed a cyclops
 13486 | D:11     | Killed a two-headed ogre
 13486 | D:11     | Reached XP level 11. HP: 48/48 MP: 8/28
 13666 | D:11     | Killed Harold
 13702 | D:11     | Identified Sif Muna's Handbook of Unstable Earth (Sif Muna gifted it to you on level 11 of the Dungeon)
 13702 | D:11     | Received a gift from Sif Muna
 13850 | D:11     | Learned a level 5 spell: Metabolic Englaciation
 14112 | D:11     | Found a staircase to the Orcish Mines.
 14125 | D:11     | Found a roughly hewn altar of Beogh.
 14518 | D:12     | Reached skill level 1 in Hexes
 14560 | D:12     | Killed a two-headed ogre
 15118 | D:13     | Noticed a two-headed ogre
 15124 | D:13     | Killed a two-headed ogre
 15581 | D:13     | Reached skill level 15 in Spellcasting
 16197 | D:14     | Noticed a skeletal warrior
 16197 | D:14     | Noticed a skeletal warrior
 16197 | D:14     | Noticed a skeletal warrior
 16197 | D:14     | Noticed a skeletal warrior
 16200 | D:14     | Noticed a skeletal warrior
 16210 | D:14     | Noticed a two-headed ogre
 16386 | Lair:1   | Entered Level 1 of the Lair of Beasts
 17736 | Lair:2   | Got a scorched granite ring
 17741 | Lair:2   | Identified the ring "Kuruo" {Ice rElec rPois MP+9 Dex-5} (You found it on level 2 of the Lair of Beasts)
 17764 | Lair:2   | Identified Sif Muna's Compendium of Glacial Summoning (Sif Muna gifted it to you on level 2 of the Lair of Beasts)
 17764 | Lair:2   | Received a gift from Sif Muna
 17782 | Lair:2   | Learned a level 3 spell: Recall
 17790 | Lair:2   | Learned a level 7 spell: Monstrous Menagerie
 17834 | Lair:2   | Learned a level 7 spell: Summon Greater Demon
 18117 | Lair:2   | Reached XP level 12. HP: 52/53 MP: 30/30
 18157 | Lair:2   | Found a staircase to the Swamp.
 18368 | Lair:2   | Found a staircase to the Snake Pit.
 18372 | Lair:2   | Noticed a seven-headed hydra
 18380 | Lair:2   | Killed a seven-headed hydra
 20032 | Lair:4   | Noticed a seven-headed hydra
 20036 | Lair:4   | Killed a seven-headed hydra
 20079 | Lair:4   | Noticed an eight-headed hydra
 20130 | Lair:4   | Killed an eight-headed hydra
 20337 | Lair:4   | Lost mutation: Armour fits poorly on your strangely shaped body. [potion of mutation]
 20337 | Lair:4   | Lost mutation: You are frail. (-10% HP) [potion of mutation]
 20337 | Lair:4   | Lost mutation: Your magical capacity is low. (-10% MP) [potion of mutation]
 20337 | Lair:4   | Gained mutation: You are partially covered in thin metallic scales. (AC +2) [potion of mutation]
 20337 | Lair:4   | Gained mutation: Your spells are a little easier to cast, but a little less powerful. [potion of mutation]
 20337 | Lair:4   | Gained mutation: You are dopey. (Int -2) [potion of mutation]
 20337 | Lair:4   | Gained mutation: You are agile. (Dex +2) [potion of mutation]
 20555 | Lair:4   | Found a blossoming altar of Fedhas.
 21163 | Lair:5   | Noticed a six-headed hydra
 21168 | Lair:5   | Killed a six-headed hydra
 21238 | Lair:5   | Identified Sif Muna's Volume of the Unholy Blaze (Sif Muna gifted it to you on level 5 of the Lair of Beasts)
 21238 | Lair:5   | Received a gift from Sif Muna
 21254 | Lair:5   | Reached skill level 15 in Summonings
 21850 | Lair:5   | Found a viscous altar of Jiyva.
 21850 | Lair:5   | Found a staircase to the Slime Pits.
 22039 | Lair:6   | Entered Level 6 of the Lair of Beasts
 22472 | Lair:6   | Reached XP level 13. HP: 63/63 MP: 36/36
 22864 | Swamp:1  | Entered Level 1 of the Swamp
 23194 | Swamp:1  | Got a slimy hunting sling
 23195 | Swamp:1  | Identified the +2 hunting sling "Nadag" {speed, MR- Str+6 Stlth+} (You found it on level 1 of the Swamp)
 23250 | Swamp:1  | Upgraded the game from 0.22-a0-282-gdd34a7d to 0.22-a0-283-g1871b15
 23674 | Swamp:2  | Identified Sif Muna's Tome of Combat Magic (Sif Muna gifted it to you on level 2 of the Swamp)
 23674 | Swamp:2  | Received a gift from Sif Muna
 23980 | Swamp:2  | HP: 2/63 [spriggan rider/spear (11)]
 24336 | Swamp:2  | Noticed Kirke
 24342 | Swamp:2  | Killed Kirke
 25059 | Swamp:3  | Noticed Bai Suzhen
 25087 | Swamp:3  | Killed Bai Suzhen
 25449 | Swamp:3  | Reached skill level 10 in Ice Magic
 25911 | Swamp:4  | Entered Level 4 of the Swamp
 25911 | Swamp:4  | Noticed a thorn hunter
 25920 | Swamp:4  | Killed a thorn hunter
 25941 | Swamp:4  | Identified Sif Muna's Volume of the Enthralling Entourage (Sif Muna gifted it to you on level 4 of the Swamp)
 25941 | Swamp:4  | Received a gift from Sif Muna
 25982 | Swamp:4  | Reached XP level 14. HP: 41/68 MP: 35/38
 26058 | Swamp:4  | HP: 3/68 [spiny frog (10)]
 26916 | Swamp:4  | Got a decaying rune of Zot
 27175 | Snake:1  | Entered Level 1 of the Snake Pit
 27561 | Snake:1  | Got a fine robe
 27562 | Snake:1  | Identified the +2 robe "Qurywogiu" {MR+} (You found it on level 1 of the Snake Pit)
 27626 | Snake:1  | Shot with a bolt by a naga sharpshooter

Vault maps used:
D:1:      minmay_arrival_radiant_lines, st_stairs_1, minivault_11,
          minmay_misc_feat_more_columns, minmay_tromino_i4
D:2:      lemuel_doored_altar, first_ration, uniq_sigmund
D:3:      gup_sewer_entry_glass
D:4:      lemuel_zombie_altar_kikubaaqudgha, trog_eyes_of_draining, temple_hall
D:5:      lemuel_round_altar
D:6:      lemuel_crystal_altar, evilmike_ruin_ashenzari
D:7:      makhleb_heckhound_becter, chequers_guarded_unrand_ignorance
D:8:      nicolae_overflow_hidden_temple, serial_shops, shop, uniq_pikel
D:9:      uniq_erolcha
D:10:     serial_shops, shop
D:11:     david_lair_generic, minmay_orc_entry_temple_large, uniq_snorg,
          uniq_harold
D:12:     basic_altar
D:13:     kennysheep_six_static_rooms, hangedman_fish_farm
D:14:     david_vaults_2, serial_park_square1, serial_shops, shop
Temple:   zaba_magenta_temple
Lair:1:   serial_bayou_shore_b, grunt_megastairs_2, lemuel_fruit_fields,
          infiniplex_staircase_pool_2, serial_bayou_shore_b
Lair:2:   minmay_swamp_entry_swarm, minmay_snake_entry_guardpost_large,
          lemuel_fruit_tree, grunt_megastairs_5
Lair:3:   infiniplex_staircase_pool, grunt_megastairs_3
Lair:4:   basic_altar, beast_lair_carwin_11, minmay_lair_oklob_chamber
Lair:5:   dpeg_slime_entry_enclosed_altar
Lair:6:   gammafunk_lair_ancient_temple
Swamp:1:  evilmike_swamp_ruin_house_5
Swamp:2:  serial_swamp_ruin, evilmike_swamp_ruin_wall,
          evilmike_swamp_ruin_rubble_1, uniq_kirke
Swamp:3:  evilmike_swamp_ruin_house_3, swamp_pool3, uniq_bai_suzhen
Swamp:4:  swamp
Snake:1:  cheibrodos_snake_ritualist_ritual
Sewer:    sewer_co_15_rooms

Skill      XL: |  1  2  3  4  5  6  7  8  9 10 11 12 13 14 |
---------------+-------------------------------------------+-----
Summonings     | 5 6 7 9 10 11 13 15 17 18 | 18.6
Spellcasting   | 5 6 7 9 10 12 14 15 17 18 | 18.8
Air Magic      | 1 |  1.0
Ice Magic      | 2 5 6 8 9 10 | 10.2
Bows           | 1 |  1.3
Hexes          | 1 |  1.6
Staves         | |  0.7
Dodging        | |  2.4
Stealth        | |  2.4

Action                   |  1- 3 |  4- 6 |  7- 9 | 10-12 | 13-15 || total
-------------------------+-------+-------+-------+-------+-------++-------
Melee: Unarmed           |     9 |     2 |       |       |       ||    11
       Dagger            |       |     7 |    14 |     8 |       ||    29
       Staff             |       |       |       |    19 |     7 ||    26
 Fire: Longbow           |       |       |       |    17 |       ||    17
 Cast: Summon Small Mamm |    41 |       |       |       |       ||    41
       Call Imp          |    25 |    63 |     4 |     1 |       ||    93
       Summon Lightning  |       |    14 |    73 |   164 |    78 ||   329
       Summon Ice Beast  |       |     1 |    69 |   144 |    48 ||   262
       Metabolic Englaci |       |       |       |     9 |     8 ||    17
       Monstrous Menager |       |       |       |    49 |   115 ||   164
       Recall            |       |       |       |       |     1 ||     1
  Use: Potion            |     2 |     2 |     3 |     5 |     3 ||    15
       Scroll            |       |    10 |    13 |    13 |    12 ||    48
 Stab: Sleeping          |       |       |     3 |       |       ||     3
       Distracted        |       |       |       |     1 |       ||     1
  Eat: Chunk             |     2 |    12 |    15 |    48 |    27 ||   104
       Ration            |       |       |     2 |     1 |     6 ||     9
Armor: Robe              |    12 |    15 |    15 |    26 |    27 ||    95
Dodge: Dodged            |    22 |    45 |    25 |    77 |    89 ||   258

Table legend:
 A = Spawn XP
 B = Non-spawn XP
 C = Spawn XP percentage of total XP
 D = Spawn monster count
 E = Non-spawn monster count
 F = Spawn count percentage of total count
 G = Total turns spent on level
                    A         B        C        D         E        F      G
               +---------+---------+-------+---------+---------+-------+---------
         Total |       0 |   80518 |   0.0 |       0 |     742 |   0.0 | 27626
               +---------+---------+-------+---------+---------+-------+---------
           D:1 |       0 |      25 |   0.0 |       0 |      23 |   0.0 |  1217
           D:2 |       0 |     136 |   0.0 |       0 |      17 |   0.0 |   808
           D:3 |       0 |     181 |   0.0 |       0 |      31 |   0.0 |   671
           D:4 |       0 |     262 |   0.0 |       0 |      21 |   0.0 |  1060
           D:5 |       0 |     262 |   0.0 |       0 |      16 |   0.0 |   922
           D:6 |       0 |     327 |   0.0 |       0 |      17 |   0.0 |   652
           D:7 |       0 |     641 |   0.0 |       0 |      30 |   0.0 |  1480
           D:8 |       0 |     972 |   0.0 |       0 |      12 |   0.0 |  1382
           D:9 |       0 |    1083 |   0.0 |       0 |      44 |   0.0 |  1108
          D:10 |       0 |    2136 |   0.0 |       0 |      21 |   0.0 |  1108
          D:11 |       0 |    3768 |   0.0 |       0 |      50 |   0.0 |  2001
          D:12 |       0 |    3395 |   0.0 |       0 |      48 |   0.0 |  1382
          D:13 |       0 |    2755 |   0.0 |       0 |      27 |   0.0 |  1303
          D:14 |       0 |     255 |   0.0 |       0 |       2 |   0.0 |   101
        Lair:1 |       0 |    3138 |   0.0 |       0 |      29 |   0.0 |  1307
        Lair:2 |       0 |    4319 |   0.0 |       0 |      40 |   0.0 |  1338
        Lair:3 |       0 |    1501 |   0.0 |       0 |      14 |   0.0 |   860
        Lair:4 |       0 |    4508 |   0.0 |       0 |      29 |   0.0 |  1476
        Lair:5 |       0 |    3621 |   0.0 |       0 |      20 |   0.0 |   884
        Lair:6 |       0 |    8107 |   0.0 |       0 |      51 |   0.0 |   771
       Swamp:1 |       0 |    3787 |   0.0 |       0 |      18 |   0.0 |   817
       Swamp:2 |       0 |    8857 |   0.0 |       0 |      54 |   0.0 |  1350
       Swamp:3 |       0 |    7658 |   0.0 |       0 |      32 |   0.0 |  1144
       Swamp:4 |       0 |   13549 |   0.0 |       0 |      53 |   0.0 |   966
       Snake:1 |       0 |    5060 |   0.0 |       0 |      21 |   0.0 |   327
         Sewer |       0 |     215 |   0.0 |       0 |      22 |   0.0 |  1110
               +---------+---------+-------+---------+---------+-------+---------
